[Event "44th Chess Olympiad Women 2022"]
[Site "Chennai"]
[Date "2022.07.31"]
[Round "3.8"]
[White "De Seroux, Camille"]
[Black "Schneider, Jana"]
[Result "0-1"]
[WhiteElo "2106"]
[BlackElo "2342"]
[Annotator "RC"]
[PlyCount "132"]
[EventDate "2022.??.??"]
[TimeControl "60"]

1. e4 e5 2. Nf3 Nc6 3. c3 d5 4. Qa4 Qd6 5. Bb5 Bd7 6. exd5 Qxd5 7. O-O Nge7 8. Re1 O-O-O 9. Bc4 Qc5 10. Bxf7 Nf5 11. b4 Qb6 12. b5 Na5 13. Nxe5 Bxb5 14. Qg4 g6 15. d4 Bd6 16. Be6+ Kb8 17. Nf7 Rde8 18. Nxh8 Bc4 19. Nf7 Rxe6 20. Rxe6 Bxe6 21. Nxd6 Qxd6 22. Bf4 Qc6 23. Qg5 b6 24. Na3 Nb7 25. Qf6 Qe4 26. Qe5 Qxe5 27. Bxe5 Nfd6 28. Nc2 Nb5 29. Nb4 Nxc3 30. Na6+ Kc8 31. Nxc7 Bc4 32. h4 Kd7 33. Kh2 Nxa2 34. Re1 Nb4 35. Bg3 b5 36. Ra1 a5 37. Rc1 Nd6 38. Na8 Nd5 39. f3 a4 40. Ra1 Nf5 41. Bf2 Kc6 42. g4 Nfe7 43.
Bg3 Kb7 44. Bd6 Kxa8 45. Re1 Nc6 46. Re8+ Kb7 47. Rh8 b4 48. Rxh7+ Ka6 49. h5 a3 50. Rh8 gxh5 51. gxh5 a2 52. Ra8+ Kb7 53. h6 Nf6 54. Bxb4 Kxa8 55. Bc3 Bd3 56. Kg3 Nd5 57. Bb2 Nce7 58. Kg4 Kb7 59. f4 Kc6 60. Kf3 Kb5 61. h7 Bxh7 62. Ke2 Kc4 63.
Kd2 Kb3 64. Ba1 Nc6 65. Kd1 Ncb4 66. Kc1 Nc2 0-1

[Event "44th Chess Olympiad Women 2022"]
[Site "Chennai"]
[Date "2022.07.31"]
[Round "3.8"]
[White "Hakimifard, Ghazal"]
[Black "Heinemann, Josefine"]
[Result "1/2-1/2"]
[WhiteElo "2296"]
[BlackElo "2321"]
[Annotator "RC"]
[PlyCount "139"]
[EventDate "2022.??.??"]
[TimeControl "60"]

1. e4 e5 2. Nf3 Nc6 3. Bb5 a6 4. Ba4 Nf6 5. d3 Bc5 6. O-O d6 7. c3 O-O 8. Nbd2 Ba7 9. h3 Nh5 10. Bxc6 bxc6 11. d4 Nf4 12. Nc4 Nxh3+ 13. gxh3 Bxh3 14. Re1 f5 15. Ng5 Bg4 16. Qd3 f4 17. Nf3 Qe8 18. Kf1 Qh5 19. Ke2 exd4 20. cxd4 Rae8 21. Ncd2 d5 22. e5 c5 23. Qxa6 Bb6 24. Qb5 Kh8 25. Rg1 cxd4 26. Rxg4 Qxg4 27. Qxd5 d3+ 28. Qxd3 Rxe5+ 29. Kd1 Bxf2 30. Nc4 Ree8 31.
Kc2 Rd8 32. Qe4 Rfe8 33. Nce5 Rxe5 34. Nxe5 Qd1+ 35. Kb1 Be3 36. Qc4 Rd5 37. Qxc7 Qxc1+ 38. Qxc1 Bxc1 39. Nf7+ Kg8 40. Nh6+ Kf8 41. Kxc1 Rh5 42. Kd2 Rxh6 43. a4 Ke7 44. a5 Ra6 45. b4 Kd7 46. Kd3 Rf6 47. a6 Rf8 48. a7 Ra8 49. Ke4 Kc6 50. Kxf4 Kb6 51.
Rh1 Rxa7 52. Kg5 h6+ 53. Kg6 Kb5 54. Rh4 Ka4 55. Re4 Rb7 56.
Re1 Kb3 57. Rb1+ Kc2 58. Rf1 Kc3 59. Rc1+ Kd2 60. Rc4 Kd3 61. Rf4 Kc3 62. Rf1 Rd7 63. Rf4 Rd4 64. Rf3+ Kxb4 65. Kxg7 h5 66. Rh3 h4 67. Kg6 Kc4 68. Kg5 Kd5 69. Rxh4 Ke5 70. Rxd4 1/2-1/2

[Event "44th Chess Olympiad Women 2022"]
[Site "Chennai"]
[Date "2022.07.31"]
[Round "3.8"]
[White "Paehtz, Elisabeth"]
[Black "Georgescu, Lena"]
[Result "1/2-1/2"]
[WhiteElo "2484"]
[BlackElo "2279"]
[Annotator "RC"]
[PlyCount "141"]
[EventDate "2022.??.??"]
[TimeControl "60"]

1. d4 Nf6 2. c4 e6 3. Nf3 d5 4. g3 Bb4+ 5. Bd2 Be7 6. Bg2 O-O 7. Qc2 c6 8. O-O Nbd7 9. Rc1 b6 10. Bf4 Bb7 11. cxd5 cxd5 12. Bc7 Qe8 13. Nc3 Nb8 14. a4 Na6 15. Be5 Nb4 16. Qb3 Bc6 17. Bf4 a5 18. Ne5 Bd7 19. e4 dxe4 20.
Nxe4 Rd8 21. Nc3 Nh5 22. Be3 Nf6 23. Bf4 Nh5 24. Bd2 Nf6 25.
Re1 Rc8 26. Bg5 Qd8 27. Rad1 h6 28. Bf4 Nfd5 29. Bd2 Bc6 30.
Nxc6 Rxc6 31. Nxd5 Nxd5 32. Bxd5 exd5 33. Qb5 Rc4 34. b3 Rxd4 35. Bc3 Rxd1 36. Rxd1 Bc5 37. Bd4 Bxd4 38. Rxd4 Qc7 39. Qxd5 Re8 40. Kg2 g6 41. Rc4 Qe5 42. Qb7 Re6 43. Rf4 Rf6 44. Qe4 Qxe4+ 45. Rxe4 h5 46. Re5 Kg7 47. Rb5 Re6 48. h3 Kf6 49. Kf3 Ke7 50. g4 hxg4+ 51. hxg4 Kd7 52. Kf4 f6 53. Kg3 g5 54. f4 Re3+ 55. Kf2 gxf4 56. Rxb6 Ke7 57. Rb5 Ke6 58. Rxa5 Rxb3 59. Rf5 Rb4 60. a5 Ra4 61. Kf3 Ke7 62. Rb5 Kd7 63. Rb6 Ke7 64. a6 Kf7 65. Rb7+ Kg6 66. a7 Kh6 67. Rc7 Kg6 68. Re7 Kh6 69. Re8 Rxa7 70. Kxf4 Kg6 71. Ke4 1/2-1/2

[Event "44th Chess Olympiad Women 2022"]
[Site "Chennai"]
[Date "2022.07.31"]
[Round "3.8"]
[White "Wagner, Dinara"]
[Black "Stoeri, Laura"]
[Result "1-0"]
[WhiteElo "2341"]
[BlackElo "2084"]
[Annotator "RC"]
[PlyCount "89"]
[EventDate "2022.??.??"]
[TimeControl "60"]

1. d4 Nf6 2. Nf3 e6 3. c4 Bb4+ 4. Bd2 Qe7 5. g3 Nc6 6. a3 Bxd2+ 7. Qxd2 O-O 8. Bg2 d6 9. O-O e5 10. d5 Nb8 11. Nc3 Nbd7 12. e4 Nc5 13.
Qc2 a5 14. b4 Na6 15. Qb2 Bd7 16. Ne1 Rfb8 17. Nd3 c6 18. Rfe1 Be8 19. Qd2 Nd7 20. Rec1 Qd8 21. Rab1 axb4 22. axb4 Nb6 23. c5 Nc4 24. Qe2 b5 25. cxb6 Qxb6 26. dxc6 Bxc6 27. b5 Na3 28. bxc6 Nxb1 29. Nxb1 Nc5 30. Nxc5 dxc5 31. Nc3 Qxc6 32. Nd5 Kh8 33. Qh5 f6 34. Bf1 g6 35. Qf3 Kg7 36. h4 Ra5 37. h5 Rf8 38. Bc4 Ra7 39. Rb1 f5 40.
Qc3 Qe8 41. Rb6 Kh6 42. Bb5 Qa8 43. Qxe5 Ra1+ 44. Kg2 fxe4 45. Ne3 1-0

[Event "44th Chess Olympiad Women 2022"]
[Site "Chennai"]
[Date "2022.07.31"]
[Round "3.9"]
[White "Gaboyan, Susanna"]
[Black "Blokhin, Sofia"]
[Result "1/2-1/2"]
[WhiteElo "2270"]
[BlackElo "1996"]
[Annotator "RC"]
[PlyCount "82"]
[EventDate "2022.??.??"]
[TimeControl "60"]

1. Nf3 g6 2. g3 Bg7 3. Bg2 f5 4. O-O Nf6 5. d3 O-O 6. Nbd2 d6 7. e4 Nc6 8. c3 fxe4 9. dxe4 e5 10. Nc4 Be6 11. Qd3 Nxe4 12. Qxe4 d5 13.
Qe2 dxc4 14. Ng5 Qe7 15. Ne4 h6 16. Be3 Qe8 17. Rad1 Rd8 18.
Rd2 b6 19. Rfd1 Rxd2 20. Nxd2 Na5 21. Ne4 Qa4 22. Qd2 Kh7 23. a3 Nc6 24. Qe2 Rd8 25. Rxd8 Nxd8 26. h4 Nf7 27. h5 g5 28. Nd2 Nd6 29. f4 gxf4 30. gxf4 exf4 31. Bxf4 Qd7 32. Bxd6 Qxd6 33. Nxc4 Bxc4 34. Qxc4 Qd1+ 35. Bf1 Qxh5 36.
Qxc7 Qg5+ 37. Kf2 Qf5+ 38. Kg2 Qg4+ 39. Kf2 Qf5+ 40. Kg1 Qg5+ 41. Kf2 Qf5+ 1/2-1/2

[Event "44th Chess Olympiad Women 2022"]
[Site "Chennai"]
[Date "2022.07.31"]
[Round "3.9"]
[White "Mkrtchian, Lilit"]
[Black "Olde, Margareth"]
[Result "1/2-1/2"]
[WhiteElo "2362"]
[BlackElo "2235"]
[Annotator "RC"]
[PlyCount "72"]
[EventDate "2022.??.??"]
[TimeControl "60"]

1. d4 d5 2. c4 e6 3. Nc3 a6 4. cxd5 exd5 5. Bf4 Nf6 6. e3 c5 7. dxc5 Bxc5 8. Nf3 Nc6 9. Ne5 O-O 10. Nxc6 bxc6 11. Be2 a5 12. O-O Ba6 13. Rc1 Bd6 14. Bxa6 Rxa6 15. Bxd6 Qxd6 16. Na4 Nd7 17. Qd4 f5 18. g3 g5 19. Nc5 Nxc5 20. Rxc5 Qf6 21. Qxf6 Rxf6 22. Rfc1 Kf7 23. f3 Re6 24. Kf2 Ke7 25. e4 fxe4 26. fxe4 Rxe4 27. Rxc6 Rxc6 28. Rxc6 Rb4 29. b3 a4 30. Ke3 axb3 31. axb3 h5 32. Rh6 h4 33. gxh4 gxh4 34. Kd2 Rxb3 35. Rxh4 Ke6 36. Rh5 Ra3 1/2-1/2

[Event "44th Chess Olympiad Women 2022"]
[Site "Chennai"]
[Date "2022.07.31"]
[Round "3.9"]
[White "Narva, Mai"]
[Black "Danielian, Elina"]
[Result "1-0"]
[WhiteElo "2385"]
[BlackElo "2441"]
[Annotator "RC"]
[PlyCount "93"]
[EventDate "2022.??.??"]
[TimeControl "60"]

1. e4 e6 2. d4 d5 3. Nd2 c5 4. exd5 exd5 5. Bb5+ Bd7 6. Bxd7+ Nxd7 7. Ne2 Ngf6 8. O-O Be7 9. dxc5 Nxc5 10. Ng3 O-O 11. Nf5 Re8 12. Nxe7+ Qxe7 13. Nf3 Nce4 14. Be3 Qc7 15. c3 a6 16. a4 Rad8 17. Qc2 Ng4 18. Rfe1 d4 19. Bxd4 Ng5 20. Rxe8+ Rxe8 21. Ne5 Rxe5 22. f3 Ne6 23. Bxe5 Nxe5 24. Rd1 g6 25. b3 h5 26. c4 h4 27. h3 Nf4 28. Qe4 Qc5+ 29. Kh1 g5 30. Qf5 Qe7 31. c5 Ne2 32. Kh2 Qc7 33.
Qxg5+ Ng6+ 34. Rd6 Kg7 35. Qf6+ Kh7 36. b4 Ng3 37. Qd8 Qxd8 38.
Rxd8 Ne5 39. b5 axb5 40. axb5 Kg6 41. c6 Nxc6 42. Rd6+ Kg5 43. Rxc6 Kf4 44. Rc7 Ke3 45. Kg1 Kd2 46. Rxb7 Ke1 47. Re7+ 1-0

[Event "44th Chess Olympiad Women 2022"]
[Site "Chennai"]
[Date "2022.07.31"]
[Round "3.9"]
[White "Sinitsina, Anastassia"]
[Black "Mkrtchyan, Mariam"]
[Result "1/2-1/2"]
[WhiteElo "2175"]
[BlackElo "2285"]
[Annotator "RC"]
[PlyCount "93"]
[EventDate "2022.??.??"]
[TimeControl "60"]

1. e4 e5 2. Nf3 Nc6 3. Bb5 a6 4. Ba4 Nf6 5. O-O Nxe4 6. d4 b5 7. Bb3 d5 8. dxe5 Be6 9. Qe2 Be7 10. Rd1 O-O 11. c4 bxc4 12. Bxc4 Bc5 13. Be3 Bxe3 14. Qxe3 Qb8 15. Bb3 Na5 16. Nbd2 Nxb3 17. axb3 c5 18. Nxe4 dxe4 19. Qxe4 h6 20. Qe3 Qxb3 21. Qxb3 Bxb3 22. Rdc1 Rfc8 23. Nd2 Be6 24. Ne4 c4 25. f4 Rcb8 26. Rc2 Bf5 27. Rxc4 Rxb2 28. Nd6 Be6 29. Rd4 a5 30. f5 Bb3 31. Rb4 Ra2 32. Rxa2 Bxa2 33. Rb2 Bd5 34. Re2 Ra6 35. Rd2 Bb3 36. Nb7 Ra8 37. Nc5 a4 38. e6 fxe6 39. fxe6 Kf8 40. Rd7 Rc8 41. Nxb3 axb3 42. Rb7 Rc1+ 43. Kf2 Rc2+ 44. Kf3 b2 45. h3 Ke8 46. g4 Rc6 47. Ke4 1/2-1/2

[Event "44th Chess Olympiad Women 2022"]
[Site "Chennai"]
[Date "2022.07.31"]
[Round "3.10"]
[White "Assaubayeva, Bibisara"]
[Black "Cori T., Deysi"]
[Result "1-0"]
[WhiteElo "2436"]
[BlackElo "2371"]
[Annotator "RC"]
[PlyCount "107"]
[EventDate "2022.??.??"]
[TimeControl "60"]

1. d4 Nf6 2. c4 e6 3. Nc3 Bb4 4. e3 O-O 5. Bd3 Bxc3+ 6. bxc3 d6 7. Ne2 e5 8. e4 Re8 9. f3 Nbd7 10. O-O b6 11. a4 a5 12. Ng3 Nf8 13.
f4 Bg4 14. Qe1 exf4 15. Rxf4 c5 16. Rf1 Nh5 17. h3 Nxg3 18.
Qxg3 Bh5 19. Bf4 Re6 20. d5 Rg6 21. Qh2 Rf6 22. g4 Bg6 23.
h4 h5 24. g5 Rxf4 25. Qxf4 Qe7 26. Qd2 Nd7 27. Rf4 Ne5 28. Be2 Re8 29. Kh2 Nd7 30. Rg1 Qe5 31. Kh3 Re7 32. Rg3 Kh7 33. Bf3 Re8 34. Kg2 Qe7 35. Kf1 Qe5 36. Ke1 b5 37. cxb5 Nb6 38. Kf2 Nxa4 39. Be2 Nb6 40. c4 a4 41. Ra3 Bxe4 42. Qe3 Kg8 43. Bxh5 Nxc4 44. Bxf7+ Kh8 45. Bxe8 Nxe3 46. Rf8+ Kh7 47. Rxe3 Qh2+ 48.
Kf1 Bg2+ 49. Ke2 Bxd5+ 50. Kd3 c4+ 51. Kc3 Be4 52. g6+ Bxg6 53.
Rh8+ Kxh8 54. Bxg6 1-0

[Event "44th Chess Olympiad Women 2022"]
[Site "Chennai"]
[Date "2022.07.31"]
[Round "3.10"]
[White "Bravo Mallco, Kate Azumi"]
[Black "Nurgali, Nazerke"]
[Result "1-0"]
[WhiteElo "1958"]
[BlackElo "2181"]
[Annotator "ChessBase"]
[PlyCount "81"]
[EventDate "2022.??.??"]
[TimeControl "60"]

1. e4 c6 2. d4 d5 3. e5 Bf5 4. g4 Bd7 5. Be3 e6 6. Nc3 Ne7 7. Bd3 Qc7 8. f4 a6 9. Nf3 b6 10. Ne2 c5 11. Ng3 c4 12. Bf1 Nbc6 13. Bh3 g6 14. O-O Bg7 15. f5 exf5 16. gxf5 Nxf5 17. Nxf5 Bxf5 18. Bxf5 gxf5 19. Nh4 Rg8 20. Kh1 f4 21. Bxf4 Qd7 22. Bg3 Ne7 23. Qh5 Qe6 24. Rf2 h6 25. Raf1 Rf8 26. Ng2 Qg6 27. Qh3 Qe4 28. c3 Ng6 29. Re1 Qd3 30. Qg4 h5 31. Qxh5 Rh8 32. Qf3 Qxf3 33. Rxf3 Rh7 34. Ref1 Bh8 35. Ne3 Ne7 36. e6 f6 37. Be5 Ng8 38. Nxd5 Rc8 39. Bxf6 Nxf6 40. Nxf6+ Bxf6 41. Rxf6 1-0

[Event "44th Chess Olympiad Women 2022"]
[Site "Chennai"]
[Date "2022.07.31"]
[Round "3.10"]
[White "Chumpitaz, Ann"]
[Black "Balabayeva, Xeniya"]
[Result "0-1"]
[WhiteElo "2278"]
[BlackElo "2198"]
[Annotator "RC"]
[PlyCount "70"]
[EventDate "2022.??.??"]
[TimeControl "60"]

1. d4 d5 2. Bf4 Nf6 3. e3 c5 4. Nf3 Nc6 5. Nbd2 e6 6. c3 Nh5 7. Be5 f6 8. Nh4 g6 9. Bg3 Be7 10. Be2 Ng7 11. Qc2 cxd4 12. exd4 Kf7 13. O-O g5 14. Nhf3 h5 15. h3 g4 16. hxg4 hxg4 17. Nh2 f5 18.
Qd3 Nh5 19. Bxg4 fxg4 20. Nxg4 Qg8 21. Be5 Bf6 22. Qf3 Qg5 23. Rfe1 Bd7 24. Re3 Rag8 25. Bxf6 Nxf6 26. Ne5+ Ke7 27. Nxd7 Kxd7 28. Rae1 Nd8 29. c4 Qh6 30. Kf1 Ng4 31. Ke2 Nxe3 32. fxe3 Qh2 33. cxd5 Rxg2+ 34. Kd3 Rxd2+ 35. Kc3 Rc2+ 0-1

[Event "44th Chess Olympiad Women 2022"]
[Site "Chennai"]
[Date "2022.07.31"]
[Round "3.10"]
[White "Nakhbayeva, Guliskhan"]
[Black "Caballero Quijano, Mitzy Mishell"]
[Result "1-0"]
[WhiteElo "2329"]
[BlackElo "2035"]
[Annotator "RC"]
[PlyCount "105"]
[EventDate "2022.??.??"]
[TimeControl "60"]

1. d4 e6 2. c4 Nf6 3. Nc3 Bb4 4. e3 c5 5. Bd3 Nc6 6. Nf3 Bxc3+ 7. bxc3 d6 8.
e4 e5 9. d5 Ne7 10. Bg5 Ng6 11. Nh4 h6 12. Nxg6 fxg6 13. Bd2 O-O 14. O-O Nh5 15. Re1 Qh4 16. g3 Qf6 17. Be3 Qf7 18. Kg2 g5 19. Be2 Nf6 20. f3 g4 21. f4 Nxe4 22. fxe5 dxe5 23. Rf1 Qh5 24. Rxf8+ Kxf8 25. Qc2 Qh3+ 26. Kg1 Nxg3 27. Bxc5+ Kg8 28. hxg3 Qxg3+ 29. Kf1 Qf4+ 30. Ke1 Bf5 31. Qc1 b6 32. Be3 Qe4 33. Bg1 g5 34. Qe3 Qf4 35. Kd2 Kg7 36. Rf1 Qxe3+ 37. Kxe3 Kg6 38. Bh2 Re8 39. Bd1 Rc8 40. Bxe5 Rxc4 41. Bd4 g3 42. Rg1 h5 43. Rxg3 Rc8 44. Kf2 Be4 45. Bf3 Bb1 46. d6 Rd8 47. Rg1 Bc2 48. Be5 Kf5 49. Re1 g4 50. Bc6 Kg5 51. d7 h4 52. Bc7 Rf8+ 53. Kg1 1-0

[Event "44th Chess Olympiad Women 2022"]
[Site "Chennai"]
[Date "2022.07.31"]
[Round "3.11"]
[White "Gomes, Mary Ann"]
[Black "Citra, Dewi Ardhiani Anast"]
[Result "1/2-1/2"]
[WhiteElo "2324"]
[BlackElo "2257"]
[Annotator "RC"]
[PlyCount "85"]
[EventDate "2022.??.??"]
[TimeControl "60"]

1. Nf3 d5 2. g3 Nc6 3. d4 Bg4 4. Bg2 Bxf3 5. exf3 e6 6. f4 Nf6 7. c3 Bd6 8. Nd2 Ne7 9. Nf3 h5 10. h3 c5 11. Qa4+ Qd7 12. Qxd7+ Nxd7 13. dxc5 Nxc5 14. Ke2 Na4 15. Rb1 Rc8 16. Bd2 O-O 17. Nd4 Nc6 18.
Nb5 Bc5 19. b3 Nb6 20. Be3 Bxe3 21. fxe3 a6 22. Nd6 Rc7 23. c4 Ne7 24. Rhc1 Nec8 25. Nxc8 Rfxc8 26. Bf3 Kf8 27. Kf2 Ke7 28. Rd1 Rc5 29. Rd2 R8c7 30. cxd5 Nxd5 31. Bxd5 Rxd5 32. Rxd5 Rc2+ 33.
Kf3 exd5 34. a4 Kd6 35. b4 Ra2 36. a5 Ra3 37. Kf2 g6 38.
g4 hxg4 39. hxg4 Ra2+ 40. Kf3 Ra3 41. Kf2 Ra4 42. Ke2 Ra3 43.
Kf2 1/2-1/2

[Event "44th Chess Olympiad Women 2022"]
[Site "Chennai"]
[Date "2022.07.31"]
[Round "3.11"]
[White "Mariroh, Fariha"]
[Black "Soumya, Swaminathan"]
[Result "0-1"]
[WhiteElo "1839"]
[BlackElo "2335"]
[Annotator "RC"]
[PlyCount "149"]
[EventDate "2022.??.??"]
[TimeControl "60"]

1. e4 c5 2. Nf3 Nc6 3. d4 cxd4 4. Nxd4 Nf6 5. Nc3 d6 6. Bg5 e6 7. Qd2 a6 8. O-O-O Bd7 9. f4 Be7 10. Nf3 b5 11. Bxf6 gxf6 12. f5 Qb6 13.
Qh6 O-O-O 14. Qh5 Rdf8 15. Kb1 Ne5 16. Bd3 Bd8 17. Rhe1 Qc5 18.
Nd2 Rfg8 19. Nb3 Qb6 20. Rd2 Kb8 21. Bf1 Rg5 22. Qd1 Bc7 23.
a3 h5 24. Nd4 Bc8 25. Nf3 Rgg8 26. Nxe5 dxe5 27. fxe6 fxe6 28. Qf3 Bd8 29. Red1 Be7 30. g3 h4 31. g4 Rd8 32. Qh3 Rxd2 33. Rxd2 Bc5 34. Qf3 Rd8 35. Qd1 Rxd2 36. Qxd2 Be3 37. Qe1 Bg5 38. Bd3 Bb7 39. Nd1 Qd4 40. Qf2 Kc7 41. h3 Bc6 42. Ka2 a5 43. Qe1 Kb6 44. Qf2 Kc5 45.
c3 Qxf2 46. Nxf2 Kd6 47. Kb3 Be3 48. Nd1 Bc5 49. Kc2 f5 50.
b4 axb4 51. axb4 Bb6 52. exf5 e4 53. Be2 exf5 54. gxf5 Ke5 55. Bg4 Bd5 56. Kd2 Kf4 57. Nb2 Bd8 58. Be2 Bc6 59. c4 bxc4 60.
Nxc4 Be7 61. Kc3 Bd7 62. Nb6 Bf6+ 63. Kc4 Bxf5 64. Nd5+ Ke5 65. Nxf6 Kxf6 66. Bf1 Ke5 67. b5 e3 68. b6 Be4 69. Be2 Kf4 70. Kd4 Bb7 71. Kc3 Kg3 72. Bf1 Kf2 73. Bc4 e2 74. Bxe2 Kxe2 75. Kd4 0-1

[Event "44th Chess Olympiad Women 2022"]
[Site "Chennai"]
[Date "2022.07.31"]
[Round "3.11"]
[White "Padmini, Rout"]
[Black "Aulia, Medina Warda"]
[Result "1/2-1/2"]
[WhiteElo "2374"]
[BlackElo "2374"]
[Annotator "RC"]
[PlyCount "116"]
[EventDate "2022.??.??"]
[TimeControl "60"]

1. e4 e6 2. d4 d5 3. Nc3 Bb4 4. e5 c5 5. a3 Bxc3+ 6. bxc3 Ne7 7. Qg4 cxd4 8. Bd3 Qc7 9. Ne2 dxc3 10. Qxg7 Rg8 11. Qxh7 Qxe5 12. Bf4 Qf6 13. h4 Nd7 14. Bg5 Qh8 15. Qxh8 Rxh8 16. Nxc3 a6 17. f3 f6 18. Bd2 b5 19. Kf2 Kf7 20. g4 Bb7 21. g5 Nc5 22. gxf6 Kxf6 23. Ne2 e5 24. Bg5+ Kf7 25. Ng3 Raf8 26. Rae1 Nxd3+ 27. cxd3 Nc6 28. Ne2 Kg6 29. Kg3 Re8 30. f4 e4 31. f5+ Kxf5 32. Rhf1+ Ke6 33. dxe4 dxe4 34. Rd1 e3 35. Nf4+ Kf5 36. Nd5+ Kg6 37. Nxe3 Ne5 38. Rd6+ Kh7 39. Rc1 Rhf8 40. Rc7+ Rf7 41. Rxf7+ Nxf7 42. Rd7 Kg6 43. Bf4 Bc8 44. Ra7 Rg8 45. Nd5 Rd8 46. Ne7+ Kf6 47. Nxc8 Rxc8 48. Rxa6+ Kf5 49. Bd2 Rd8 50. Bb4 Ne5 51. h5 Rg8+ 52. Kf2 Rh8 53. Rb6 Rxh5 54. Rxb5 Ke4 55. Ke2 Nd3 56. Rxh5 Nf4+ 57. Kd2 Nxh5 58. Kc3 Kd5 1/2-1/2

[Event "44th Chess Olympiad Women 2022"]
[Site "Chennai"]
[Date "2022.07.31"]
[Round "3.11"]
[White "Sukandar, Irine Kharisma"]
[Black "Vantika Agrawal"]
[Result "0-1"]
[WhiteElo "2373"]
[BlackElo "2371"]
[Annotator "RC"]
[PlyCount "90"]
[EventDate "2022.??.??"]
[TimeControl "60"]

1. e4 c5 2. Nf3 d6 3. d4 cxd4 4. Nxd4 Nf6 5. Nc3 a6 6. f3 e5 7. Nb3 Be7 8. Be3
Be6 9. Qd2 h5 10. O-O-O Nbd7 11. Kb1 Rc8 12. h3 b5 13. Bd3 h4 14. f4 O-O 15. f5
Bc4 16. g4 hxg3 17. Rhg1 Nh5 18. Ne2 Bh4 19. Bxc4 bxc4 20. Nbc1 Ndf6 21. Nc3
Qa5 22. N1e2 Rb8 23. Ka1 Qb4 24. Rb1 Qb7 25. Bg5 Nxe4 26. Nxe4 Qxe4 27. Bxh4
Qxh4 28. Rbf1 c3 29. Nxc3 Qb4 30. Rb1 Rfc8 31. Qd3 Qd4 32. Rbd1 Qb4 33. Rb1 Qd4
34. Rbd1 Qxd3 35. Rxd3 Rc6 36. Kb1 Kf8 37. Ne4 Nf4 38. Rxd6 Rxd6 39. Nxd6 Rd8
40. Nb7 Rd2 41. c4 g2 42. c5 Rf2 43. c6 Rf1+ 44. Kc2 Rxg1 45. c7 Rc1+ 0-1

[Event "44th Chess Olympiad Women 2022"]
[Site "Chennai"]
[Date "2022.07.31"]
[Round "3.12"]
[White "Chirivi C, Jenny Astrid"]
[Black "Gara, Ticia"]
[Result "1/2-1/2"]
[WhiteElo "2157"]
[BlackElo "2367"]
[Annotator "RC"]
[PlyCount "141"]
[EventDate "2022.??.??"]
[TimeControl "60"]

1. d4 Nf6 2. c4 e6 3. Nc3 Bb4 4. Qc2 O-O 5. a3 Bxc3+ 6. Qxc3 b6 7. Bg5 Bb7 8. f3 h6 9. Bh4 d5 10. cxd5 exd5 11. e3 Re8 12. Be2 Nbd7 13. Nh3 Qe7 14. Bf2 c5 15. O-O Rac8 16. Rfe1 Nf8 17. Qd2 c4 18. Rac1 Bc6 19. Bd1 Bd7 20. Nf4 g5 21. Ne2 Bf5 22. Ng3 Bg6 23. Ba4 Red8 24. Bc2 Qd7 25. Kh1 b5 26. e4 dxe4 27. fxe4 Ng4 28. Bg1 Ne6 29. Ne2 Nf6 30. Qe3 Qb7 31. d5 Nc5 32. Ng3 Re8 33. Qf3 Nfd7 34. Nh5 Qb6 35. Bd4 Bxh5 36. Qxh5 Ne5 37. Rf1 Qg6 38. Qxg6+ Nxg6 39. Rce1 Nf4 40. g3 Nfd3 41. Bxd3 cxd3 42. e5 Nb3 43. Bc3 Rc5 44. e6 fxe6 45. Rxe6 Rxe6 46. dxe6 d2 47. e7 Rc8 48. Rd1 Kf7 49. Bxd2 Nxd2 50. Rxd2 Kxe7 51. h3 Ke6 52. Kg2 Ke5 53. Kf3 Rc4 54. Rd7 Rc2 55. Rxa7 Rxb2 56. Kg4 Kf6 57. Ra6+ Kg7 58. Kh5 Rb3 59. Kg4 h5+ 60. Kxg5 Rxg3+ 61. Kxh5 Rxh3+ 62. Kg5 Rb3 63. Ra7+ Kf8 64. Kf6 Ke8 65. Ke6 Kd8 66. Kd6 Kc8 67. Kc6 Kb8 68. Rb7+ Kc8 69. Rxb5 Rxa3 70. Kc5 Kc7 71. Kd5 1/2-1/2

[Event "44th Chess Olympiad Women 2022"]
[Site "Chennai"]
[Date "2022.07.31"]
[Round "3.12"]
[White "Gaal, Zsoka"]
[Black "Argote Heredia, Valentina"]
[Result "1-0"]
[WhiteElo "2313"]
[BlackElo "2205"]
[Annotator "RC"]
[PlyCount "73"]
[EventDate "2022.??.??"]
[TimeControl "60"]

1. Nf3 d5 2. g3 e6 3. Bg2 Nf6 4. O-O b5 5. d3 Bb7 6. c4 a6 7. a3 Nbd7 8. Nc3 c6 9. e4 Nb6 10. exd5 cxd5 11. cxb5 axb5 12. Nxb5 Ba6 13. Nbd4 Bd6 14. Be3 O-O 15. Rc1 Nbd7 16. Nc6 Qe8 17. Re1 Nb8 18. Nce5 Bb5 19. Bd4 Nbd7 20. Qd2 Qb8 21. Qg5 Nxe5 22. Nxe5 h6 23. Qe3 Nd7 24. Ng4 Re8 25. Nxh6+ gxh6 26. Qxh6 e5 27. Bxd5 Bxd3 28. Bxa8 Bf8 29. Qg5+ Bg7 30. Bc6 exd4 31. Bxd7 Rd8 32. Qxd8+ Qxd8 33. Re8+ Qxe8 34. Bxe8 Be2 35. Ba4 d3 36. Bd1 Bxb2 37. Rc8+ 1-0

[Event "44th Chess Olympiad Women 2022"]
[Site "Chennai"]
[Date "2022.07.31"]
[Round "3.12"]
[White "Hoang, Thanh Trang"]
[Black "Castrillon Gomez, Melissa"]
[Result "1-0"]
[WhiteElo "2376"]
[BlackElo "2230"]
[Annotator "RC"]
[PlyCount "81"]
[EventDate "2022.??.??"]
[TimeControl "60"]

1. d4 d5 2. c4 e6 3. Nf3 c6 4. Qc2 f5 5. g3 Nf6 6. Bg2 Be7 7. O-O O-O 8. b3 Ne4 9. Bb2 Nd7 10. Ne5 Qe8 11. Nd2 Qh5 12. Nxe4 fxe4 13. Nxd7 Bxd7 14. f3 Rf6 15. fxe4 Rh6 16. h3 e5 17. exd5 Bxh3 18. Qe4 Bxg2 19. Qxg2 Bg5 20. Bc1 Bxc1 21. Raxc1 exd4 22. Rf4 Re8 23.
Rcf1 g5 24. R4f3 g4 25. Rf5 Qh3 26. Rg5+ Kh8 27. Qxh3 gxh3 28. Rf2 cxd5 29. cxd5 Rg6 30. Rxg6 hxg6 31. Rf4 Rxe2 32. Rxd4 Re7 33. Kh2 Kg7 34. d6 Rd7 35. Kxh3 Kf6 36. Kg4 a6 37. Rd2 b6 38. Rd1 a5 39. Kf4 Kf7 40. Ke5 Rd8 41. Rf1+ 1-0

[Event "44th Chess Olympiad Women 2022"]
[Site "Chennai"]
[Date "2022.07.31"]
[Round "3.12"]
[White "Rodriguez Rueda, Paula Andrea"]
[Black "Terbe, Julianna"]
[Result "1/2-1/2"]
[WhiteElo "2237"]
[BlackElo "2291"]
[Annotator "RC"]
[PlyCount "108"]
[EventDate "2022.??.??"]
[TimeControl "60"]

1. d4 d5 2. c4 c6 3. Nf3 Nf6 4. e3 Bf5 5. Nc3 e6 6. Nh4 Bg6 7. Nxg6 hxg6 8.
Bd3 Nbd7 9. O-O Bd6 10. g3 O-O 11. e4 dxe4 12. Nxe4 Nxe4 13. Bxe4 a5 14. Bg2 Nf6 15. Bd2 Qe7 16. Bc3 Bb4 17. Qb3 Rfd8 18.
a3 Bd6 19. Rfe1 a4 20. Qc2 Qc7 21. Qe2 Rd7 22. Rad1 Be7 23. Qe5 Qb6 24. Bh3 Bf8 25. Qg5 Qb3 26. c5 Rd5 27. Qc1 Rh5 28. Bg2 Nd5 29. Rd2 Nxc3 30. Qxc3 Qb5 31. Bf3 Rf5 32. Be4 Rh5 33. Bf3 Rf5 34. Be4 Rh5 35. Bd3 Qa5 36. Qxa5 Rxa5 37. Rc2 Rd5 38. Rc4 Bxc5 39. dxc5 Rxd3 40. Ree4 g5 41. Rb4 Rxc5 42. Rxb7 Rc2 43. Rxa4 Rf3 44. h4 Rfxf2 45. hxg5 Rg2+ 46. Kf1 Rcf2+ 47. Ke1 Kh7 48. Rf4 Rxb2 49. Rxb2 Rxb2 50. Rxf7 Rb3 51. Kf2 Kg6 52. Re7 Kf5 53. Rf7+ Kxg5 54. Rxg7+ Kf6 1/2-1/2

[Event "44th Chess Olympiad Women 2022"]
[Site "Chennai"]
[Date "2022.07.31"]
[Round "3.13"]
[White "Calzetta Ruiz, Monica"]
[Black "Johansson, Viktoria"]
[Result "0-1"]
[WhiteElo "2230"]
[BlackElo "2041"]
[Annotator "RC"]
[PlyCount "104"]
[EventDate "2022.??.??"]
[TimeControl "60"]

1. e4 c5 2. Nf3 Nc6 3. Nc3 e5 4. Bc4 Be7 5. d3 Nf6 6. Ng5 O-O 7. f4 exf4 8. Bxf4 d6 9. O-O h6 10. Nf3 Be6 11. Nd5 Bxd5 12. Bxd5 Nxd5 13. exd5 Ne5 14. Bxe5 dxe5 15. c4 Bd6 16. g4 f5 17. gxf5 Rxf5 18.
Qe2 Qf6 19. Nd2 Qg6+ 20. Kh1 Raf8 21. Rxf5 Rxf5 22. Ne4 Bf8 23. Rg1 Qf7 24. Rg3 b6 25. b3 Be7 26. Kg2 Rf4 27. Rg4 Qf5 28.
h3 Bf8 29. Ng3 Qf7 30. Ne4 Qf5 31. Ng3 Qf7 32. Kg1 Bd6 33. Ne4 Bf8 34. Qg2 Rf3 35. Rg3 Rf4 36. Rg6 Kh7 37. Re6 Rf5 38. h4 Rf4 39. Qg3 Qf5 40.
Nf2 Rf3 41. Qg2 Qf4 42. Ne4 Qe3+ 43. Kh2 Qf4+ 44. Kg1 Rxd3 45. Qg6+ Kh8 46. Kg2 Qf3+ 47. Kh2 Qh3+ 48. Kg1 Rd1+ 49. Kf2 Rf1+ 50. Ke2 Qf3+ 51. Kd2 Rd1+ 52. Kc2 Qe2+ 0-1